[Event "Titled Tuesday Blitz July 4 Late 2023"]
[White "marik_spb"]
[Black "Katz, Alexander"]
[BlackFideId "2039796"]
[WhiteElo "2508"]
[BlackElo "2652"]
[Result "0-1"]
[Round "9"]
[TimeControl "180+2"]
[Date "2023.07.04"]
[WhiteClock "0:00:00"]
[BlackClock "0:00:16"]
[Board "51"]

1. d4 d6 2. c4 e5 3. dxe5 dxe5 4. Qxd8+ Kxd8 5. Nc3 c6 6. e4 Be6 7. a3 a5 8. Nf3 Nd7 9. Ng5 Bc5 10. Nxe6+ fxe6 11. Bd3 Kc7 12. Ke2 Bd4 13. Be3 Nc5 14. Bc2 Nf6 15. f3 Rhd8 16. Rad1 Rd7 17. Rd2 Nh5 18. Rhd1 Nf4+ 19. Bxf4 exf4 20. Rxd4 Rxd4 21. Rxd4 e5 22. Rd1 Ne6 23. Rd2 Nd4+ 24. Kf2 g5 25. Ne2 Ne6 26. g3 h5 27. gxf4 gxf4 28. Rd1 h4 29. Rg1 Rd8 30. Ke1 Kb6 31. Rg6 Nc5 32. b4 axb4 33. axb4 Na6 34. b5 Nb4 35. Bb1 Ra8 36. Nc3 Kc5 37. bxc6 bxc6 38. Kd2 Rd8+ 0-1


[Site "https://www.chess.com"]

[Event "Titled Tuesday Blitz July 4 Late 2023"]
[White "Reprintsev, Alexander"]
[Black "Di Berardino, Diego Rafael"]
[WhiteFideId "14100541"]
[BlackFideId "2105446"]
[WhiteElo "2497"]
[BlackElo "2620"]
[Result "0-1"]
[Round "9"]
[TimeControl "180+2"]
[Date "2023.07.04"]
[WhiteClock "0:00:10"]
[BlackClock "0:00:24"]
[Board "52"]

1. e4 e5 2. Nf3 Nc6 3. Bc4 Bc5 4. b4 Bxb4 5. c3 Ba5 6. d4 d6 7. Qb3 Qd7 8. O-O Bb6 9. Nbd2 Nf6 10. dxe5 Ng4 11. exd6 O-O 12. h3 Nge5 13. Nxe5 Nxe5 14. Bb5 c6 15. Be2 Qxd6 16. Ba3 Qxd2 17. Bxf8 Kxf8 18. Rfe1 Be6 19. Qa3+ Kg8 20. Rad1 Qf4 21. Rf1 Bxh3 22. c4 Be6 23. c5 Bc7 24. f3 g6 25. Qb2 b5 26. Qc1 Qg3 27. a4 Nc4 28. axb5 Qh2+ 29. Kf2 Bg3# 0-1


[Site "https://www.chess.com"]

[Event "Titled Tuesday Blitz July 4 Late 2023"]
[White "Yeritsyan, Hayk"]
[Black "Moksh Amit Doshi"]
[WhiteFideId "13307320"]
[BlackFideId "25064967"]
[WhiteElo "2494"]
[BlackElo "2593"]
[Result "1-0"]
[Round "9"]
[TimeControl "180+2"]
[Date "2023.07.04"]
[WhiteClock "0:00:07"]
[BlackClock "0:00:21"]
[Board "53"]

1. d4 Nf6 2. Nf3 g6 3. Bf4 Bg7 4. h3 d6 5. e3 O-O 6. c3 c5 7. Be2 Qb6 8. Qb3 Be6 9. Qxb6 axb6 10. a3 Nc6 11. Nbd2 Bf5 12. O-O Ne4 13. Nxe4 Bxe4 14. Bh2 e5 15. dxe5 dxe5 16. Rfd1 Rfd8 17. Rxd8+ Rxd8 18. Rd1 Rxd1+ 19. Bxd1 Kf8 20. Nd2 Bd3 21. Bf3 f5 22. Bd5 Ke7 23. Nc4 b5 24. Bxc6 Bxc4 25. Bxb7 Kd6 26. Bf3 Bd5 27. Be2 Kc6 28. f3 e4 29. f4 b4 30. axb4 cxb4 31. c4 Bxb2 32. cxd5+ Kxd5 33. Kf1 b3 34. Ke1 Bc1 35. Kd1 Bxe3 36. Bb5 Kd4 37. Ba4 Kc3 38. g4 b2 39. Bc2 Bc1 40. Bb1 Kd4 41. Ke2 Be3 42. Bg3 Bg1 43. Bf2+ Bxf2 44. Kxf2 h5 45. g5 h4 46. Ke2 Kc4 47. Kd2 Kd4 48. Ke2 Kc3 49. Ke3 Kc4 50. Ke2 Kd4 51. Kd2 Kc4 52. Ke2 Kb3 53. Ke3 Kc3 54. Ke2 Kd4 55. Kd2 e3+ 56. Ke2 Kc4 57. Kxe3 Kc3 58. Ke2 Kd4 59. Kd2 Kc4 60. Ke3 Kc3 61. Ba2 Kc2 62. Kd4 Kd2 63. Ke5 Ke3 64. Kf6 Kxf4 65. Kxg6 Kg3 66. Kh5 f4 67. g6 f3 68. g7 f2 69. g8=Q+ Kxh3 70. Qe6+ Kg2 71. Qg6+ Kh1 72. Bd5+ Kh2 73. Qg2# 1-0


[Site "https://www.chess.com"]

[Event "Titled Tuesday Blitz July 4 Late 2023"]
[White "Vdovin, Vadim"]
[Black "Deng, Henry"]
[WhiteFideId "24107158"]
[BlackFideId "30965454"]
[WhiteElo "2590"]
[BlackElo "2492"]
[Result "1-0"]
[Round "9"]
[TimeControl "180+2"]
[Date "2023.07.04"]
[WhiteClock "0:01:11"]
[BlackClock "0:00:28"]
[Board "54"]

1. e4 c5 2. Nf3 e6 3. d4 cxd4 4. Nxd4 Nf6 5. Nc3 Nc6 6. Nxc6 bxc6 7. e5 Nd5 8. Ne4 Bb7 9. a3 c5 10. c4 Nf4 11. Qf3 Ng6 12. Bf4 Qb8 13. O-O-O Bc6 14. Bd3 Nxe5 15. Qg3 Nxd3+ 16. Rxd3 Qb6 17. Nd6+ Bxd6 18. Bxd6 O-O-O 19. Rb3 1-0


[Site "https://www.chess.com"]

[Event "Titled Tuesday Blitz July 4 Late 2023"]
[White "Czerw, Dawid"]
[Black "Shapiro, Viktor"]
[WhiteFideId "1145746"]
[BlackFideId "4175700"]
[WhiteElo "2567"]
[BlackElo "2479"]
[Result "0-1"]
[Round "9"]
[TimeControl "180+2"]
[Date "2023.07.04"]
[WhiteClock "0:00:00"]
[BlackClock "0:00:52"]
[Board "55"]

1. e4 Nf6 2. Nc3 d5 3. e5 Nfd7 4. d4 e6 5. h4 c5 6. Nf3 Nc6 7. Bf4 a6 8. dxc5 Bxc5 9. Bd3 Qb6 10. O-O Qxb2 11. Na4 Qb4 12. Nxc5 Qxf4 13. Nxd7 Bxd7 14. Rb1 b5 15. g3 Qg4 16. Be2 O-O 17. Rb3 Rac8 18. Re3 Qb4 19. Bd3 h6 20. Nh2 f5 21. exf6 Rxf6 22. Ng4 Rf7 23. Bg6 Re7 24. Rfe1 d4 25. Re4 Rf8 26. Nxh6+ gxh6 27. Qh5 e5 28. Qxh6 Rg7 29. h5 Qe7 30. Qd2 Bf5 31. Bxf5 Rxf5 32. h6 Rg6 33. Kg2 Kh7 34. Rh1 Rff6 35. f4 Qe6 36. Rhe1 Qd5 37. Kg1 Rxg3+ 38. Kh2 Rg4 39. Kh3 Rgxf4 40. Rxf4 Rxf4 41. Qd3+ e4 42. Qg3 Qh5+ 43. Kg2 Rg4 0-1


[Site "https://www.chess.com"]

[Event "Titled Tuesday Blitz July 4 Late 2023"]
[White "Yurovskykh, Oleksandr"]
[Black "Karas, Marek"]
[WhiteFideId "14134020"]
[BlackFideId "14928558"]
[WhiteElo "2567"]
[BlackElo "2461"]
[Result "1/2-1/2"]
[Round "9"]
[TimeControl "180+2"]
[Date "2023.07.04"]
[WhiteClock "0:00:21"]
[BlackClock "0:00:12"]
[Board "56"]

1. d4 Nf6 2. Nf3 d5 3. c3 Bf5 4. Qb3 Qc8 5. Bg5 Nbd7 6. e3 e6 7. c4 c6 8. Nc3 Be7 9. Nh4 Bg6 10. Nxg6 hxg6 11. h3 dxc4 12. Bxc4 Nb6 13. Be2 Nfd5 14. Bxe7 Nxe7 15. O-O Nbd5 16. Ne4 O-O 17. Rfc1 Qc7 18. Bf3 Nf6 19. Nc5 Rab8 20. Rc2 Qb6 21. Rac1 Qxb3 22. Nxb3 Ned5 23. a3 Nd7 24. Na5 Rfc8 25. b4 N5b6 26. g3 Kf8 27. h4 Ke7 28. Be4 Nf6 29. Bxc6 bxc6 30. Nxc6+ Rxc6 31. Rxc6 Ne8 32. Kg2 Kd7 33. R6c2 Nd5 34. Rc5 Nb6 35. Ra5 Rb7 36. h5 gxh5 37. Rxh5 Nd6 38. Rh7 g6 39. e4 Ke7 40. f3 Nb5 41. Rd1 Nxa3 42. d5 exd5 43. exd5 Nac4 44. Rd3 Nxd5 45. Kh3 Nf6 46. Rh8 Nb6 47. Re3+ Kd6 48. Rd8+ Nbd7 49. Ra3 Ke7 50. Ra8 Rxb4 51. R8xa7 Kf8 52. f4 Kg7 53. Rc7 Rb8 54. Raa7 Rd8 55. g4 Nd5 56. Rxd7 Nxf4+ 57. Kg3 Rxd7 58. Rxd7 Ne6 59. Rd5 Nf8 60. Kf3 Ne6 61. Ke4 Kf6 62. Ra5 Ng5+ 63. Kf4 Ne6+ 64. Kf3 Ng5+ 65. Kg3 Ne6 66. Rb5 Ng5 67. Rb7 Ne6 68. Ra7 Kg7 69. Kh4 Kf6 70. Ra5 Kg7 71. g5 Nd4 72. Kg4 Ne6 73. Ra6 Nd4 74. Kf4 Ne6+ 75. Rxe6 fxe6 76. Ke5 Kf7 77. Kd6 e5 78. Kxe5 Ke7 79. Kd5 Kd7 80. Ke5 Ke7 81. Kd5 Kd7 82. Kd4 Kd6 83. Ke4 Ke6 84. Kf4 Kd5 85. Kf3 Ke5 86. Kg4 Ke4 87. Kg3 Ke3 88. Kg4 Ke4 89. Kg3 Kf5 90. Kf3 Kxg5 91. Kg3 Kf5 92. Kf3 g5 93. Kg3 g4 94. Kg2 Kf4 95. Kf2 g3+ 96. Kg2 Kg4 97. Kg1 Kf3 98. Kf1 g2+ 99. Kg1 Kg3 1/2-1/2


[Site "https://www.chess.com"]

[Event "Titled Tuesday Blitz July 4 Late 2023"]
[White "Francisco Guecamburu, Candela Be"]
[Black "Toolin, Christopher"]
[WhiteFideId "160911"]
[BlackFideId "2024543"]
[WhiteElo "2554"]
[BlackElo "2426"]
[Result "1-0"]
[Round "9"]
[TimeControl "180+2"]
[Date "2023.07.04"]
[WhiteClock "0:00:59"]
[BlackClock "0:00:00"]
[Board "57"]

1. e4 c5 2. Nf3 e6 3. d4 cxd4 4. Nxd4 a6 5. Bd3 Qc7 6. O-O Nf6 7. Qe2 d6 8. c4 Nbd7 9. Nc3 b6 10. b3 Bb7 11. Bb2 Be7 12. Rae1 O-O 13. Kh1 Rac8 14. f4 Rfe8 15. e5 dxe5 16. fxe5 Bc5 17. Nf3 Ng4 18. Bxh7+ Kh8 19. Be4 Be7 20. Bxb7 Qxb7 21. Ne4 Nh6 22. Bc1 Nf5 23. Bg5 Nc5 24. Nfd2 Red8 25. Bxe7 Qxe7 26. g4 Nh6 27. Nd6 Rxd6 28. exd6 Qxd6 29. Rd1 Qe7 30. h3 Qh4 31. Kg2 Rd8 32. Nf3 Qe7 33. Ne5 1-0


[Site "https://www.chess.com"]

[Event "Titled Tuesday Blitz July 4 Late 2023"]
[White "Tikhonov, Viacheslav"]
[Black "Taranenko, Evgueniy"]
[WhiteFideId "44196407"]
[BlackFideId "14122138"]
[WhiteElo "2553"]
[BlackElo "2399"]
[Result "1/2-1/2"]
[Round "9"]
[TimeControl "180+2"]
[Date "2023.07.04"]
[WhiteClock "0:00:17"]
[BlackClock "0:00:31"]
[Board "58"]

1. d4 Nf6 2. c4 g6 3. Nc3 Bg7 4. e4 d6 5. Be2 O-O 6. h4 c5 7. d5 h5 8. Bg5 a6 9. a4 Qa5 10. Kf1 Nbd7 11. Nf3 Re8 12. Nd2 Ne5 13. Nb3 Qc7 14. f3 Bd7 15. Kf2 b5 16. cxb5 axb5 17. Bxb5 Bxb5 18. Nxb5 Qb6 19. Kg3 Reb8 20. Qe2 Kf8 21. Rhb1 Nfd7 22. Bd2 c4 23. Be3 Qd8 24. N3d4 Nc5 25. Nc6 Nxc6 26. dxc6 Qb6 27. c7 Rc8 28. Qxc4 Qa6 29. Bxc5 dxc5 30. Qxc5 Qe6 31. Qd5 Be5+ 32. Kf2 Qf6 33. g3 Bxc7 34. Nxc7 Qb6+ 35. Kg2 Qxc7 36. Rc1 Qb6 37. Rxc8+ Rxc8 38. Qd2 Qb3 39. Rc1 Rxc1 40. Qxc1 Qxa4 41. Qc8+ Kg7 42. Qc3+ f6 43. e5 Qb5 44. exf6+ exf6 45. Kf2 Qb6+ 46. Ke2 Qb5+ 47. Kd2 Qd5+ 48. Kc2 Qf5+ 49. Kc1 Qh3 50. f4 Qf1+ 51. Kc2 Qe2+ 52. Qd2 Qc4+ 53. Kd1 Qb3+ 54. Kc1 Qxg3 55. b4 Qxh4 56. b5 Qh1+ 57. Kb2 Qb7 58. Qd3 h4 59. Kc3 h3 60. Qxh3 Qxb5 61. Qe6 Qc5+ 62. Kd3 Qf8 63. Qd7+ Qf7 64. Qd6 Qb7 65. Ke3 Qb3+ 66. Kf2 Qc2+ 67. Kg3 Qf5 68. Qe7+ Kh6 69. Qf8+ Kh7 70. Qf7+ Kh6 71. Qg8 g5 72. Qh8+ Kg6 73. Qg8+ Kh5 74. Qf7+ Qg6 75. Qxg6+ Kxg6 76. Kf3 Kh5 77. fxg5 Kxg5 78. Kg3 Kf5 79. Kf3 Ke5 80. Ke3 f5 81. Kf3 Kf6 82. Kf4 Kg6 83. Kf3 Kg5 84. Kg3 Kf6 85. Kf4 Ke6 86. Kf3 Ke5 87. Ke3 f4+ 88. Kf3 Kf5 89. Kf2 Ke4 90. Ke2 Kd4 91. Kf3 Ke5 92. Kf2 Kf5 93. Kf3 Kg5 94. Kf2 Kg4 95. Kg2 f3+ 96. Kf2 Kf4 97. Kf1 Ke3 98. Ke1 Ke4 99. Kf2 Kf4 100. Kf1 Kg4 101. Kf2 Kf4 1/2-1/2


[Site "https://www.chess.com"]

[Event "Titled Tuesday Blitz July 4 Late 2023"]
[White "Rodriguez, Santiago"]
[Black "Ardila, Oscar Humberto"]
[WhiteFideId "3000591"]
[BlackFideId "4404742"]
[WhiteElo "2542"]
[BlackElo "2350"]
[Result "1-0"]
[Round "9"]
[TimeControl "180+2"]
[Date "2023.07.04"]
[WhiteClock "0:01:17"]
[BlackClock "0:01:38"]
[Board "59"]

1. d4 Nf6 2. Bg5 e6 3. e4 Be7 4. e5 Nd5 5. Bd2 c5 6. c4 Nb6 7. dxc5 Bxc5 8. Qg4 g6 9. Nc3 h5 10. Qf4 Nc6 11. Nf3 Qe7 12. O-O-O Bb4 13. Ne4 Bxd2+ 14. Rxd2 Nb4 15. Nd6+ Kf8 16. Ng5 Kg7 17. Ngxf7 N6d5 18. cxd5 Nxd5 19. Rxd5 exd5 20. Qf6+ Qxf6 21. exf6+ Kg8 22. Nxh8 Kxh8 23. Bd3 b6 24. Re1 a5 25. Re8+ Kh7 1-0


[Site "https://www.chess.com"]

[Event "Titled Tuesday Blitz July 4 Late 2023"]
[White "Nunez V, Gustavo Eduardo"]
[Black "benny_aizenberg"]
[WhiteFideId "4403690"]
[WhiteElo "2457"]
[BlackElo "2650"]
[Result "0-1"]
[Round "9"]
[TimeControl "180+2"]
[Date "2023.07.04"]
[WhiteClock "0:00:37"]
[BlackClock "0:00:13"]
[Board "60"]

1. e4 g5 2. d4 g4 3. Qxg4 d5 4. Qf3 dxe4 5. Qxe4 Nf6 6. Qd3 c5 7. dxc5 Qc7 8. Nc3 Na6 9. Be3 Nb4 10. Qb5+ Nc6 11. O-O-O Bd7 12. Qe2 O-O-O 13. Nf3 Bg7 14. g3 Ng4 15. Bd2 Qa5 16. h3 Bxc3 17. Bxc3 Qxa2 18. b3 Nf6 19. Bg2 Be6 20. Rxd8+ Rxd8 21. Rd1 Bxb3 22. Rxd8+ Nxd8 23. Bb2 Be6 24. Nd4 Qc4 25. Qxc4 Bxc4 26. Nf5 Ng8 27. Ne3 Be6 28. f4 Nc6 29. Bxc6 bxc6 30. f5 Bd7 31. g4 e6 32. f6 e5 33. Bxe5 Be6 34. Kd2 Kb7 35. Kd3 a5 36. Bb2 Ka6 37. c4 a4 38. Kc3 Ka5 39. Ba3 Nxf6 40. Bb4+ Ka6 41. Kd4 h5 42. Ke5 hxg4 43. Kxf6 gxh3 44. Nf1 Bxc4 45. Nh2 Kb5 46. Ba3 Be6 47. Ke5 Kc4 48. Kd6 Bd5 49. Ng4 Kb3 50. Bc1 a3 51. Bf4 Kb2 52. Be5+ Kb1 53. Nf2 Be6 54. Nd1 a2 55. Nc3+ Kc2 56. Nxa2 Bxa2 57. Kxc6 Kd3 58. Kd6 Ke4 59. c6 Be6 60. Bh2 Kf3 61. Ke7 Kg2 62. Be5 Kf3 63. c7 Ke4 64. Bh2 Kf5 65. Kd8 Kg6 66. Ke7 Bc8 67. Bg3 Ba6 68. Kd7 f5 69. Ke6 Kg5 70. Ke5 Kg4 71. Bf4 Bc8 72. Bh2 Kf3 73. Bf4 Kg2 74. Kd6 h2 75. Bxh2 Kxh2 76. Ke7 f4 77. Kd8 Bh3 78. c8=Q Bxc8 79. Kxc8 f3 80. Kd7 f2 81. Ke6 f1=Q 82. Kd5 Qf4 83. Kc5 Qe4 84. Kb6 Qd5 85. Ka7 Qc6 86. Kb8 Qd7 87. Ka8 Kg3 88. Kb8 Kf4 89. Ka8 Ke5 90. Kb8 Kd5 91. Ka8 Kc5 92. Kb8 Kb6 93. Ka8 Qd8# 0-1


[Site "https://www.chess.com"]

[Event "Titled Tuesday Blitz July 4 Late 2023"]
[White "Domingo Nunez, Ruben"]
[Black "Uzcategui Rodriguez, Alejandro"]
[WhiteFideId "22245570"]
[BlackFideId "3903400"]
[WhiteElo "2615"]
[BlackElo "2451"]
[Result "1-0"]
[Round "9"]
[TimeControl "180+2"]
[Date "2023.07.04"]
[WhiteClock "0:00:10"]
[BlackClock "0:00:00"]
[Board "61"]

1. c4 Nf6 2. g3 d6 3. Bg2 Nbd7 4. d4 e5 5. dxe5 dxe5 6. Nc3 Be7 7. Qc2 O-O 8. Nf3 c6 9. O-O Qc7 10. b3 Nc5 11. Bb2 Bg4 12. h3 Bh5 13. Qf5 Ncd7 14. Nh4 Bg6 15. Nxg6 hxg6 16. Qc2 Rfd8 17. a3 Nf8 18. b4 Ne6 19. e3 Rd7 20. Rfd1 Rad8 21. Rxd7 Qxd7 22. Rd1 Qc8 23. c5 Ng5 24. h4 Rxd1+ 25. Qxd1 Ne6 26. Bh3 Ne8 27. Ne4 f5 28. Nd6 Bxd6 29. cxd6 Qd7 30. Bxe5 Nd8 31. Bf1 Kh7 32. Bc4 b5 33. Bb3 Nb7 34. h5 Nbxd6 35. hxg6+ Kxg6 36. Bc2 Kf7 37. e4 Qe6 38. Bxd6 Nxd6 39. exf5 Nxf5 40. Qf3 Qe1+ 41. Kg2 g6 42. Bxf5 gxf5 43. Qxf5+ Ke7 44. Qc5+ Kd7 45. Qxa7+ Kd6 46. Qd4+ Kc7 47. Qa7+ Kd6 48. Qc5+ Kc7 49. Qe3 Qb1 50. g4 1-0


[Site "https://www.chess.com"]

[Event "Titled Tuesday Blitz July 4 Late 2023"]
[White "szachmistrz2500"]
[Black "Ganiev, Roman"]
[BlackFideId "4131452"]
[WhiteElo "2448"]
[BlackElo "2612"]
[Result "1-0"]
[Round "9"]
[TimeControl "180+2"]
[Date "2023.07.04"]
[WhiteClock "0:00:14"]
[BlackClock "0:00:10"]
[Board "62"]

1. d4 Nf6 2. Nf3 e6 3. c4 b6 4. a3 Bb7 5. Nc3 d5 6. Bg5 Be7 7. e3 O-O 8. cxd5 Nxd5 9. Bxe7 Qxe7 10. Nxd5 Bxd5 11. Bd3 c5 12. O-O cxd4 13. Nxd4 Nc6 14. Nxc6 Bxc6 15. Bxh7+ Kxh7 16. Qc2+ g6 17. Qxc6 Kg7 18. Rac1 Qf6 19. Qc3 e5 20. Rfd1 Rad8 21. h3 Qe6 22. Qc7 Rxd1+ 23. Rxd1 a5 24. Rd7 Qf5 25. Rd2 Rc8 26. Qxb6 Rc1+ 27. Kh2 Qb1 28. Qxa5 Rh1+ 29. Kg3 Qf5 30. Qb4 e4 31. Qd4+ Kh7 32. Qd8 g5 33. Qd5 Qf6 34. Qxe4+ Kg8 35. Rd5 Qxb2 36. Rxg5+ Kf8 37. Qe5 Qxa3 38. Qh8+ Ke7 39. Re5+ Kd7 40. Qf6 Rd1 41. Qxf7+ Kc6 42. Re6+ Rd6 43. Qe8+ Kd5 44. Re5+ Kc4 45. Qb5+ Kc3 46. Qc5+ Qxc5 47. Rxc5+ Kd3 48. Rg5 Ke2 49. h4 Rf6 50. f4 Kxe3 51. f5 Ke4 52. h5 Ke5 53. Kg4 Rb6 54. h6 Rxh6 55. Rg6 Rh2 56. g3 Rh1 57. Re6+ Kd5 58. Re8 Rf1 59. Kg5 Kd6 60. f6 Kd7 61. Re2 Rf3 62. g4 Kd8 63. Kg6 Rf4 64. g5 Kd7 65. f7 Kd6 66. Kg7 Rf5 67. g6 Kd7 68. f8=Q Rxf8 69. Kxf8 Kc7 70. g7 Kb7 71. g8=Q Ka7 72. Qg5 Kb7 73. Re6 Ka7 74. Qg7+ Kb8 75. Kg8 Ka8 76. Kh7 Kb8 77. Re8# 1-0


[Site "https://www.chess.com"]

[Event "Titled Tuesday Blitz July 4 Late 2023"]
[White "Karttunen, Mika"]
[Black "Omariev, Maksim"]
[WhiteFideId "502081"]
[BlackFideId "4193423"]
[WhiteElo "2599"]
[BlackElo "2434"]
[Result "1-0"]
[Round "9"]
[TimeControl "180+2"]
[Date "2023.07.04"]
[WhiteClock "0:00:08"]
[BlackClock "0:00:02"]
[Board "63"]

1. d4 d5 2. Bf4 c6 3. Nc3 Qb6 4. Rb1 Nf6 5. e3 Bf5 6. Nf3 h6 7. Be2 Nbd7 8. a3 Nh5 9. Ne5 Nxf4 10. exf4 Nf6 11. g4 Bh7 12. f5 e6 13. fxe6 fxe6 14. Bd3 Bd6 15. Bxh7 Rxh7 16. Qd3 O-O-O 17. Ng6 Nxg4 18. f3 Nf6 19. b4 Kb8 20. Na4 Qc7 21. Nc5 Re8 22. Kd2 Bxh2 23. Rbe1 Bd6 24. Nxe6 Qf7 25. Qf5 h5 26. Ng5 Rxe1 27. Nxf7 Rxh1 28. Nxd6 Rh2+ 29. Kc3 Kc7 30. Nf7 h4 31. Qe5+ Kb6 32. Qxh2 h3 33. Nf4 g5 34. Nxg5 Rh4 35. Ngxh3 Nh5 36. Nxh5 Rxh5 37. Qg3 a5 38. Nf4 Rh1 39. Kb2 a4 40. Nd3 Kb5 41. Qd6 b6 42. Ne5 Rh6 43. Qxh6 c5 44. Qc6+ Ka6 45. Qxa4+ Kb7 46. Qd7+ Ka6 47. bxc5 Ka5 48. Qxd5 b5 49. Nc6+ Ka4 50. Qb3# 1-0


[Site "https://www.chess.com"]

[Event "Titled Tuesday Blitz July 4 Late 2023"]
[White "texie1"]
[Black "Zavgorodniy, Sergiy"]
[BlackFideId "14110148"]
[WhiteElo "2431"]
[BlackElo "2593"]
[Result "1-0"]
[Round "9"]
[TimeControl "180+2"]
[Date "2023.07.04"]
[WhiteClock "0:00:18"]
[BlackClock "0:00:32"]
[Board "64"]

1. Nf3 d5 2. c4 e6 3. e3 Nf6 4. b3 Be7 5. Bb2 O-O 6. Be2 b6 7. g4 Bb7 8. g5 Ne4 9. h4 Nd7 10. d3 Nd6 11. Nbd2 c5 12. Rg1 dxc4 13. dxc4 Ne4 14. Qc2 Nxd2 15. Nxd2 Qc7 16. f4 Rad8 17. Bd3 f5 18. gxf6 Nxf6 19. Bxh7+ Kh8 20. Bg6 Bd6 21. O-O-O e5 22. fxe5 Bxe5 23. Rg5 Bxb2+ 24. Kxb2 Qh2 25. Bd3 Rd7 26. Bf5 Re7 27. Nf1 Qxh4 28. Rg3 Kg8 29. Rh3 Qg5 30. Bh7+ Kf7 31. Bf5 Be4 32. Bxe4 Rxe4 33. Rf3 Rfe8 34. Qd3 Qg2+ 35. Nd2 R4e7 36. Ka3 a6 37. Qd5+ Kf8 38. Rxf6+ gxf6 39. Qxg2 1-0


[Site "https://www.chess.com"]

[Event "Titled Tuesday Blitz July 4 Late 2023"]
[White "Jovic, Stanoje"]
[Black "Castella Garcia, Fausto"]
[WhiteFideId "905020"]
[BlackFideId "3501922"]
[WhiteElo "2561"]
[BlackElo "2419"]
[Result "0-1"]
[Round "9"]
[TimeControl "180+2"]
[Date "2023.07.04"]
[WhiteClock "0:00:00"]
[BlackClock "0:00:11"]
[Board "65"]

1. c4 c5 2. g3 g6 3. Bg2 Bg7 4. Nc3 Nf6 5. Nf3 O-O 6. O-O Nc6 7. d4 cxd4 8. Nxd4 Qa5 9. Nb3 Qh5 10. e3 Qxd1 11. Rxd1 d6 12. c5 dxc5 13. Nxc5 Bg4 14. f3 Bc8 15. e4 b6 16. Nb3 Ba6 17. Bg5 h6 18. Be3 Ne5 19. Bd4 Nc4 20. Bf1 Rac8 21. Rac1 Rfd8 22. Bf2 e6 23. Rxd8+ Rxd8 24. Nd1 b5 25. Nc5 Bc8 26. b3 Ne5 27. f4 Neg4 28. Bxb5 Nxf2 29. Nxf2 e5 30. Rd1 Rxd1+ 31. Nxd1 exf4 32. gxf4 Nh5 33. Nd3 Bh3 34. Ne3 Bd4 35. Kf2 f5 36. e5 g5 37. Bc4+ Kg7 38. Ke2 Nxf4+ 39. Nxf4 gxf4 40. Nd5 Bg4+ 41. Kd3 Bxe5 42. Ne7 Kf6 43. Nc6 Bc7 44. Nxa7 f3 45. Nb5 Bxh2 46. Nc3 f2 47. Nd5+ Ke5 48. Ne3 Bh3 49. Ke2 f4 50. Nf1 Bg3 51. a4 Bg4+ 52. Kd2 h5 53. b4 h4 54. b5 h3 55. b6 Bf3 56. a5 h2 57. Nxh2 Bxh2 58. a6 Be4 59. Bf1 Kd4 60. b7 f3 61. Kc1 Bf4+ 62. Kb2 Ke3 63. Kc3 Bc6 64. Kc4 Kd2 65. Kc5 Be4 0-1


[Site "https://www.chess.com"]

[Event "Titled Tuesday Blitz July 4 Late 2023"]
[White "Carrasco Miranda, Andres"]
[Black "Prem, Pranav"]
[WhiteFideId "3405990"]
[BlackFideId "30901057"]
[WhiteElo "2415"]
[BlackElo "2533"]
[Result "1/2-1/2"]
[Round "9"]
[TimeControl "180+2"]
[Date "2023.07.04"]
[WhiteClock "0:00:03"]
[BlackClock "0:00:06"]
[Board "66"]

1. d4 d5 2. c4 e6 3. Nf3 Nf6 4. g3 Bb4+ 5. Nbd2 dxc4 6. Bg2 O-O 7. O-O b5 8. Ne1 Nd5 9. a4 c6 10. Nc2 Be7 11. e4 Nc7 12. e5 Nd5 13. Ne4 a5 14. h4 Nd7 15. Bg5 f6 16. exf6 N7xf6 17. Re1 b4 18. Nc5 Bxc5 19. dxc5 h6 20. Bd2 Qe7 21. Nd4 Qxc5 22. Nxe6 Bxe6 23. Rxe6 Rae8 24. Rxe8 Rxe8 25. Rc1 Qd4 26. Be3 Qxd1+ 27. Rxd1 Nxe3 28. fxe3 Rxe3 29. Bxc6 Rxg3+ 30. Kf2 Rh3 31. Rd4 Rb3 32. Rxc4 Rxb2+ 33. Kf3 Rb3+ 34. Kf4 Rc3 35. Rxc3 bxc3 36. Ke3 g5 37. hxg5 hxg5 38. Kd3 Kf7 39. Kxc3 Ke6 40. Kc4 g4 41. Kc5 g3 42. Bg2 Ng4 43. Bh3 Ke5 44. Kb5 Kd4 45. Kxa5 Kc5 46. Ka6 Ne3 47. a5 Nd5 48. Kb7 Nb4 49. Bg2 Kb5 50. a6 Nxa6 51. Bf1+ Kc5 52. Kxa6 Kd4 53. Kb5 Ke3 54. Bh3 Kf2 55. Kc4 g2 56. Bxg2 1/2-1/2


[Site "https://www.chess.com"]

[Event "Titled Tuesday Blitz July 4 Late 2023"]
[White "Gabdushev, Ruslan"]
[Black "Petesch, Gabriel"]
[WhiteFideId "4137833"]
[BlackFideId "2032465"]
[WhiteElo "2414"]
[BlackElo "2533"]
[Result "0-1"]
[Round "9"]
[TimeControl "180+2"]
[Date "2023.07.04"]
[WhiteClock "0:00:04"]
[BlackClock "0:00:42"]
[Board "67"]

1. c4 c5 2. g3 Nc6 3. Bg2 Nf6 4. Nc3 e6 5. Nf3 Be7 6. O-O O-O 7. d4 d5 8. cxd5 exd5 9. dxc5 d4 10. Na4 Be6 11. b3 Ne4 12. Bb2 Bf6 13. Qd3 Bf5 14. Qb5 Qc7 15. Rfd1 Rad8 16. Rac1 Rfe8 17. Kf1 h6 18. Ne1 Bg5 19. f4 Bxf4 20. gxf4 Qxf4+ 21. Nf3 Qe3 0-1


[Site "https://www.chess.com"]

[Event "Titled Tuesday Blitz July 4 Late 2023"]
[White "Urbina Perez, Juan Antonio"]
[Black "Kanyamarala, Tarun"]
[WhiteFideId "2217368"]
[BlackFideId "45004714"]
[WhiteElo "2411"]
[BlackElo "2530"]
[Result "1-0"]
[Round "9"]
[TimeControl "180+2"]
[Date "2023.07.04"]
[WhiteClock "0:01:20"]
[BlackClock "0:00:39"]
[Board "68"]

1. e4 c5 2. Nf3 e6 3. c3 d5 4. exd5 Qxd5 5. d4 Nf6 6. Be2 cxd4 7. Qxd4 Nc6 8. Qxd5 Nxd5 9. O-O Bc5 10. a3 O-O 11. c4 Nf6 12. b4 Be7 13. h3 a5 14. b5 Nb8 15. Be3 Nbd7 16. Nc3 Bc5 17. Bf4 Re8 18. Na4 e5 19. Nxe5 Nxe5 20. Nxc5 Ned7 21. Nxd7 Bxd7 22. Bf3 Rac8 23. Rac1 Be6 24. Bxb7 Rxc4 25. Rxc4 Bxc4 26. Bc6 1-0


[Site "https://www.chess.com"]

[Event "Titled Tuesday Blitz July 4 Late 2023"]
[White "Bilan, Danila"]
[Black "Gombocz, Ferenc Jr."]
[WhiteFideId "24161918"]
[BlackFideId "775029"]
[WhiteElo "2524"]
[BlackElo "2408"]
[Result "1-0"]
[Round "9"]
[TimeControl "180+2"]
[Date "2023.07.04"]
[WhiteClock "0:00:07"]
[BlackClock "0:00:05"]
[Board "69"]

1. d4 d5 2. Nf3 Nf6 3. c4 c6 4. Nc3 a6 5. cxd5 cxd5 6. Bf4 Nc6 7. e3 Qb6 8. Qb3 Qxb3 9. axb3 Bf5 10. Na4 e6 11. Nb6 Bb4+ 12. Kd1 Ra7 13. Nc8 Ra8 14. Nd6+ Bxd6 15. Bxd6 Ne4 16. Bg3 Nxg3 17. hxg3 Nb4 18. Rc1 O-O 19. Kd2 Rfc8 20. Be2 Bc2 21. Bd1 Be4 22. Be2 Na2 23. Rxc8+ Rxc8 24. Ne1 Nb4 25. f3 Bc2 26. Bd3 Bxb3 27. e4 Nxd3 28. Nxd3 Rc2+ 29. Ke3 Bc4 30. Nc5 Rxb2 31. exd5 exd5 32. Kf4 g6 33. Nd7 Kg7 34. g4 Rxg2 35. g5 h5 36. Nf6 Rd2 37. Re1 Rxd4+ 38. Kg3 h4+ 39. Kh3 Bb5 40. Re7 Rf4 41. Rc7 Rxf3+ 42. Kxh4 Rf4+ 43. Kg3 Rf5 44. Kh4 d4 45. Rc8 Rxf6 46. gxf6+ Kxf6 47. Kg4 d3 48. Rd8 Bc4 49. Kf4 b5 50. Rd6+ Ke7 51. Rxa6 b4 52. Ra7+ Kf6 53. Ke3 b3 54. Rc7 Ba6 55. Rc6+ Kf5 56. Rxa6 g5 57. Rb6 g4 58. Rb5+ Kg6 59. Rxb3 f5 60. Kf4 d2 61. Rd3 1-0


[Site "https://www.chess.com"]

[Event "Titled Tuesday Blitz July 4 Late 2023"]
[White "Bochnicka, Vladimir"]
[Black "Moral Garcia, Serafin"]
[WhiteFideId "14943450"]
[BlackFideId "2201925"]
[WhiteElo "2396"]
[BlackElo "2524"]
[Result "0-1"]
[Round "9"]
[TimeControl "180+2"]
[Date "2023.07.04"]
[WhiteClock "0:00:10"]
[BlackClock "0:00:42"]
[Board "70"]

1. e4 e5 2. Nf3 Nc6 3. Bc4 Bc5 4. c3 Nf6 5. d3 a6 6. Nbd2 Ba7 7. Nf1 d5 8. exd5 Nxd5 9. Ng3 O-O 10. O-O h6 11. Re1 Re8 12. d4 Nb6 13. Bb3 exd4 14. Rxe8+ Qxe8 15. cxd4 Bg4 16. Be3 Rd8 17. h3 Be6 18. Rc1 Bd5 19. Bxd5 Rxd5 20. Qb3 Rb5 21. Qc2 Nd5 22. Re1 Ncb4 23. Qd2 Qc6 24. Nf5 Qc2 25. Bxh6 Qxf5 26. Bg5 f6 27. Bh4 Nc6 28. Bg3 Rb4 29. Bxc7 Nxd4 30. Nxd4 Rxd4 31. Qc1 Rf4 32. Bxf4 Nxf4 33. Re8+ Kf7 34. Ra8 Ne2+ 35. Kh2 Nxc1 36. Rxa7 Qd5 0-1


[Site "https://www.chess.com"]